 Dungeon Crawl Stone Soup version 0.19-a0-1107-gc676ff4 (webtiles) character file.

2890 JustSomeDude the Skirmisher (level 9, 0/71 HPs)
             Began as a Demonspawn Fighter on Aug 9, 2016.
             Slain by a boulder beetle (4 damage)
             ... on level 7 of the Dungeon.
             The game lasted 00:20:21 (6056 turns).

JustSomeDude the Skirmisher (Demonspawn Fighter)    Turns: 6056, Time: 00:20:21

Health: 0/71       AC: 13    Str: 19      XL:     9   Next: 48%
Magic:  10/10      EV: 11    Int: 15      God:
Gold:   331        SH: 10    Dex: 10 (13) Spells: 0 memorised, 8 levels left

rFire  + . .     SeeInvis .     a - +0 war axe
rCold  . . .     Gourm    .     z - +1 ring mail "Kyeps" {rElec MR+}
rNeg   . . .     Faith    .     c - +0 shield
rPois  .         Spirit   .     t - +0 helmet {Int+3}
rElec  +         Dismiss  .     x - +2 cloak {MR+}
rCorr  .         Reflect  .     s - +0 pair of gloves
SustAt .         Harm     .     (no boots)
MR     ++...                    n - amulet of regeneration
Stlth  +.........               m - ring of fire
                                g - ring of protection from cold

@:
A: claws 2, rugged brown scales 1, clever 1, spiny 2
a: no special abilities


You were on level 7 of the Dungeon.
You were hungry.

You visited 2 branches of the dungeon, and saw 8 of its levels.

You collected 571 gold pieces.
You spent 240 gold pieces at shops.

Inventory:

Hand Weapons
 a - a +0 war axe (weapon)
Missiles
 p - 7 javelins (quivered)
Armour
 c - a +0 shield (worn)
 s - a +0 pair of gloves (worn)
 t - a +0 helmet of intelligence (worn)
 x - a +2 cloak of magic resistance (worn)
 z - the +1 ring mail "Kyeps" (worn) {rElec MR+}
   (You found it on level 6 of the Dungeon)

   It insulates you from electricity.
   It affects your resistance to hostile enchantments.
 G - a +0 chain mail
Jewellery
 g - a ring of protection from cold (left hand)
 m - a ring of fire (right hand)
 n - an amulet of regeneration (around neck)
 K - an uncursed ring of resist corrosion {unknown}
 L - a cursed -6 ring of dexterity {unknown}
Wands
 E - a wand of lightning (9/15)
 H - a wand of lightning (6/15)
Scrolls
 b - 2 scrolls of enchant armour {unknown}
 e - a scroll of enchant weapon {unknown}
 j - 3 scrolls of recharging {unknown}
 k - 8 scrolls of identify {unknown}
 l - 2 scrolls of blinking {unknown}
 q - 3 scrolls of remove curse
 r - 4 scrolls of teleportation
 u - 3 scrolls of immolation {unknown}
 w - a scroll of noise {unknown}
 y - 3 scrolls of amnesia {unknown}
 A - a scroll of magic mapping {unknown}
Potions
 B - a potion of beneficial mutation {unknown}
 D - 2 potions of cure mutation
 F - a potion of haste {unknown}
Books
 C - a book of the Warp

   Spells                             Type                      Level
   a - Recall                         Summoning/Translocation      3
   b - Gell's Gravitas                Hexes/Translocation          3
   c - Force Lance                    Conjuration/Translocation    4
   d - Warp Weapon                    Charms/Translocation         5
   e - Summon Forest                  Summoning/Translocation      5
Miscellaneous
 I - a disc of storms
Comestibles
 f - 7 bread rations
 h - 9 beef jerkies
 i - 3 meat rations
 o - 14 fruits


   Skills:
 + Level 6.0 Fighting
 + Level 6.0 Axes
 + Level 5.3 Armour
 + Level 5.3 Dodging
 + Level 1.3 Stealth
 + Level 6.0 Shields
 + Level 2.2 Evocations


You had 8 spell levels left.
You didn't know any spells.

Dungeon Overview and Level Annotations

Branches:
Dungeon (7/15)             Temple (1/1) D:6

Altars:
Ashenzari
Cheibriados
Dithmenos
Elyvilon
Fedhas
Gozag
Hepliaklqana
Kikubaaqudgha
Makhleb
Okawaru
Pakellas
Qazlal
Ru
Trog
Uskayaw
Vehumet
Xom
Yredelemnul
Zin
The Shining One

Shops:
D:5 }


Innate Abilities, Weirdness & Mutations

You have very sharp fingernails.
You are partially covered in rugged brown scales. (AC +1, +3% HP)
You are mostly covered in sharp spines.
Your mind is acute. (Int +2)


Message History

The adder bites you but does no damage.
The boulder beetle hits a rock wall.
The boulder beetle stops rolling.
You block the adder's attack.
You miss the adder.
The adder is heavily wounded.
You block the adder's attack. The adder bites you but does no damage.
You hit the adder.
The adder is severely wounded.
You hit the boulder beetle but do no damage.
You block the adder's attack. The boulder beetle bites you!!
* * * LOW HITPOINT WARNING * * *
Okay, then.
You hit the adder.
You kill the adder!
You hit the boulder beetle but do no damage.
The adder barely misses you.
The boulder beetle bites you but does no damage.
You miss the adder.
You hit the boulder beetle but do no damage.
You block the adder's attack. The boulder beetle bites you.
You die...

######## #......# #......#
#......#### #.........#
###################.........#####
.................................
...#####################....##.##
...# #..B@SS...##....##.# ...#
#.#######.########.# ...# #†# #.#
...# #B# #.# ...# #§##### #.#
...# #...B.# #.# #### #####.#
#.## ########## #.# ##...
.(...)...########.# ##..##


You could see a boulder beetle and 2 adders.

Vanquished Creatures
  A hill giant (D:7)
  Grinder (D:3)
  Menkaure (D:7)
  Edmund (D:6)
  2 sky beasts
  2 phantoms (D:7)
  4 ogres
  A giant frog (D:6)
  A wyvern zombie (D:7)
  3 scorpions
  3 howler monkeys
  3 crimson imps
  A giant frog zombie (D:6)
  3 hounds
  4 orc priests
  A giant frog skeleton (D:6)
  2 centaur skeletons (D:4)
  9 orc wizards
  Jessica (D:3)
  Ijyb (D:3)
  4 iguanas
  3 worker ants
  A howler monkey zombie (D:5)
  Robin (D:2)
  6 adders
  2 oozes
  An adder zombie (D:4)
  2 adder skeletons
  3 worms
  2 dart slugs (D:2)
  5 giant geckos
  30 orcs
  8 bats
  4 giant cockroaches
  10 hobgoblins
  4 jackals
  2 quokkas
  2 ball pythons
  8 giant newts
  13 goblins
  A jackal skeleton (D:5)
  7 kobolds
  7 rats
  14 fungi (D:2)
185 creatures vanquished.

Notes
Turn   | Place    | Note
-------+----------+-------------------------------------------
     0 | D:1      | JustSomeDude the Demonspawn Fighter began the quest for the Orb.
     0 | D:1      | Reached XP level 1. HP: 18/18 MP: 1/1
   111 | D:1      | Gained mutation: You are partially covered in sharp spines. [demonic ancestry]
   111 | D:1      | Reached XP level 2. HP: 19/24 MP: 2/2
   645 | D:1      | Reached XP level 3. HP: 29/29 MP: 3/3
   771 | D:2      | Reached skill level 1 in Dodging
   848 | D:2      | Noticed Robin
   851 | D:2      | Killed Robin
   855 | D:2      | Gained mutation: You are partially covered in rugged brown scales. (AC +1, +3% HP) [demonic ancestry]
   855 | D:2      | Reached XP level 4. HP: 22/36 MP: 4/4
  1536 | D:2      | Found a shimmering altar of Xom.
  1772 | D:3      | Noticed Ijyb
  1792 | D:3      | Killed Ijyb
  1793 | D:3      | Gained mutation: You have sharp fingernails. [demonic ancestry]
  1793 | D:3      | Reached XP level 5. HP: 38/42 MP: 5/5
  1812 | D:3      | Noticed Jessica
  1817 | D:3      | Killed Jessica
  1847 | D:3      | Noticed Grinder
  1865 | D:3      | Paralysed by Grinder for 4 turns
  1869 | D:3      | Killed Grinder
  1869 | D:3      | Gained mutation: You are mostly covered in sharp spines. [demonic ancestry]
  1869 | D:3      | Reached XP level 6. HP: 40/49 MP: 6/6
  2017 | D:3      | Found a sacrificial altar of Ru.
  2475 | D:4      | Reached XP level 7. HP: 43/55 MP: 7/7
  3063 | D:4      | Found a shadowy altar of Dithmenos.
  3150 | D:5      | Entered Level 5 of the Dungeon
  3420 | D:5      | Found Moaty's Gadget Shoppe.
  3599 | D:5      | Reached skill level 5 in Shields
  3667 | D:5      | Gained mutation: You have very sharp fingernails. [demonic ancestry]
  3667 | D:5      | Reached XP level 8. HP: 24/62 MP: 8/8
  3674 | D:5      | Gained mutation: Your muscles are strong. (Str +2) [mutagenic meat]
  3677 | D:5      | Gained mutation: Your flesh is cold resistant. (rC+) [mutagenic meat]
  3680 | D:5      | Gained mutation: Your mind is acute. (Int +2) [mutagenic meat]
  3683 | D:5      | Gained mutation: Your mind is very acute. (Int +4) [mutagenic meat]
  3759 | D:5      | Reached skill level 1 in Stealth
  4474 | D:6      | Reached skill level 5 in Axes
  4515 | D:6      | Found a staircase to the Ecumenical Temple.
  4529 | Temple   | Entered the Ecumenical Temple
  5108 | D:6      | Reached skill level 5 in Fighting
  5145 | D:6      | Noticed Edmund
  5162 | D:6      | Killed Edmund
  5170 | D:6      | Got a smoking ring mail
  5183 | D:6      | Identified the +1 ring mail "Kyeps" {rElec MR+} (You found it on level 6 of the Dungeon)
  5207 | D:5      | Bought a disc of storms for 240 gold pieces
  5505 | D:7      | Reached skill level 5 in Armour
  5526 | D:7      | Reached skill level 1 in Evocations
  5539 | D:7      | Noticed Menkaure
  5541 | D:7      | Noticed a hill giant
  5544 | D:7      | Lost mutation: Your mind is very acute. (Int +4) [potion of cure mutation]
  5544 | D:7      | Lost mutation: Your muscles are strong. (Str +2) [potion of cure mutation]
  5544 | D:7      | Lost mutation: Your flesh is cold resistant. (rC+) [potion of cure mutation]
  5551 | D:7      | HP: 3/63 [hill giant/giant spiked club (34)]
  5553 | D:7      | Killed a hill giant
  5553 | D:7      | Reached XP level 9. HP: 4/70 MP: 8/10
  5558 | D:7      | Killed Menkaure
  5746 | D:7      | Reached skill level 5 in Dodging
  6054 | D:7      | HP: 2/71 [boulder beetle (34)]
  6056 | D:7      | Slain by a boulder beetle

Vault maps used:
D:1:      ncdulo_smallfort
D:2:      lemuel_round_altar, minmay_gold_behind_fungi, st_stairs_7,
          minmay_quantized, uniq_robin
D:3:      hangedman_ru_absence, uniq_grinder, uniq_jessica, uniq_iyjb
D:4:      nicolae_dithmenos_through_a_glass_darkly, first_bread,
          kennysheep_cross_room
D:5:      kennysheep_six_static_rooms, serial_shops, shop
D:6:      kennysheep_generic_room_9, uniq_edmund
D:7:      boulder_indie, grunt_ogre_cave, hangedman_decor_push, uniq_menkaure
Temple:   dpeg_five_rooms_temple

Skill      XL: |  1  2  3  4  5  6  7  8  9 |
---------------+----------------------------+-----
Shields        | 3 4 5 6 |  6.0
Axes           | 2 3 4 5 6 |  6.0
Dodging        | 1 2 3 4 5 |  5.3
Armour         | 3 4 5 |  5.3
Fighting       | 4 5 6 |  6.0
Stealth        | 1 |  1.3
Evocations     | 1 2 |  2.2

Action                   |  1- 3 |  4- 6 |  7- 9 || total
-------------------------+-------+-------+-------++-------
Melee: War axe           |   101 |   175 |   258 ||   534
Throw: Javelin           |       |       |     3 ||     3
Evoke: Disc of storms    |       |       |    36 ||    36
  Use: Potion            |       |       |    11 ||    11
       Scroll            |       |       |     2 ||     2
  Eat: Chunk             |       |     6 |    11 ||    17
       Pizza             |       |       |     2 ||     2
       Fruit             |       |       |     1 ||     1
Armor: Scale mail        |    50 |    48 |    17 ||   115
       Chain mail        |       |       |    47 ||    47
       Ring mail         |       |       |    39 ||    39
Dodge: Dodged            |    24 |    36 |    56 ||   116
Block: Shield            |    68 |    49 |   106 ||   223
